 Dungeon Crawl Stone Soup version 0.29-a0-22-gbf593b16ee (webtiles) character file.

Game seed: 14330532597479959571

129 issech the Cudgeller (level 4, -5/45 HPs)
             Began as a Troll Monk on Jan 29, 2022.
             Slain by a wyvern zombie (11 damage)
             ... on level 3 of the Dungeon.
             The game lasted 00:05:47 (2171 turns).

issech the Cudgeller (Troll Monk)                   Turns: 2171, Time: 00:05:49

Health: -5/45      AC:  4    Str: 19    XL:     4   Next: 88%
Magic:  3/3        EV: 10    Int:  6    God:
Gold:   140        SH:  0    Dex: 14    Spells: 3/3 levels left

rFire   . . .      SeeInvis .   a - +0 mace
rCold   . . .      Faith    .   (no shield)
rNeg    . . .      Spirit   .   b - +0 robe
rPois   .          Reflect  .   (helmet restricted)
rElec   .          Harm     .   (no cloak)
rCorr   .          Rampage  .   (gloves unavailable)
Will    .....                   (boots unavailable)
Stlth   ++........              m - amulet of regeneration
HPRegen 1.75/turn               (no ring)
MPRegen 0.08/turn               (no ring)

@: no status effects
A: large, unfitting armour, claws 3, regeneration 1, shaggy fur 1, tough skin 1
a: no special abilities


You were on level 3 of the Dungeon.
You visited 1 branch of the dungeon, and saw 3 of its levels.

You collected 140 gold pieces.

Inventory:

Hand Weapons
 a - a +0 mace (weapon)
 j - a +0 hunting sling
Missiles
 f - 51 stones (quivered)
 i - 10 bolts
 t - 6 javelins
Armour
 b - a +0 robe (worn)
Magical Staves
 k - a staff of cold
Jewellery
 m - an amulet of regeneration (around neck)
Scrolls
 c - a scroll of magic mapping {unknown}
 g - a scroll of summoning {unknown}
 l - a scroll of teleportation {unknown}
 o - a scroll of fear {unknown}
 q - a scroll of amnesia {unknown}
Potions
 d - a potion of might {unknown}
 e - a potion of flight {unknown}
 h - 3 potions of haste {unknown}
 n - 3 potions of heal wounds {unknown}
 p - a potion of attraction {unknown}
 r - a potion of curing {unknown}
 s - a potion of lignification {unknown}


   Skills:
 + Level 3.0 Fighting
 + Level 3.9 Maces & Flails
 + Level 3.2 Dodging
 + Level 1.2 Stealth


You had 3 spell levels left.
You didn't know any spells.
Your spell library contained the following spells:

 Spells                   Type           Power      Damage    Failure   Level
 Apportation              Tloc           0%         N/A       45%         1
 Iskenderun's Battlesphe  Conj           0%         2d6       100%        5
 Iron Shot                Conj/Erth      0%         9d1       100%        6
 Spellforged Servitor     Conj/Summ      0%         N/A       100%        7


Dungeon Overview and Level Annotations

Branches:
Dungeon (3/15)

Altars:


Innate Abilities, Weirdness & Mutations

You are too large for most types of armour.
You have claws for hands.
Your natural rate of healing is unusually fast.
You are covered in fur. (AC +1)
You have tough skin. (AC +1)


Message History

You closely miss the bat. The bat closely misses you.
The bat hits you but does no damage.
You barely miss the bat. The bat hits you but does no damage.
The bat closely misses you. The bat hits you but does no damage.
You barely miss the bat. The bat hits you but does no damage.
The bat barely misses you.
You hit the bat.
You kill the bat!
Things that are here:
a +0 club; a +0 leather armour; an orc skeleton A wyvern zombie comes into view.
Found Plato's Disquisition on Orientation.
Found a faded altar of an unknown god.
There is a faded altar of an unknown god here.
You see here Plato's Disquisition on Orientation.
You pick up Plato's Disquisition on Orientation and begin reading...
You add the spell Apportation to your library.
The wyvern zombie closely misses you.
You hit the wyvern zombie.
The wyvern zombie is lightly damaged.
The wyvern zombie bites you. The wyvern zombie bites you!
You hit the wyvern zombie but do no damage.
The wyvern zombie is lightly damaged.
The wyvern zombie bites you.
You hit the wyvern zombie but do no damage.
The wyvern zombie is lightly damaged.
The wyvern zombie barely misses you. The wyvern zombie bites you!
You hit the wyvern zombie.
The wyvern zombie is moderately damaged.
The wyvern zombie bites you! x2
* * * LOW HITPOINT WARNING * * *
You hit the wyvern zombie.
The wyvern zombie is moderately damaged.
The wyvern zombie bites you.
* * * LOW HITPOINT WARNING * * *
You hit the wyvern zombie.
The wyvern zombie is heavily damaged.
The wyvern zombie bites you!
You die...

...#..... .......^# .........
.......^# # ......... #.
........##.# .# ..
..............#.# ..## ...
...........Z@_#.# #.......
...# .......#.....#.#.#......#
#...# ..... ###..##.#.#......#
...###..###......#.#.......#
...#........^##.#........##
###.#...####.^..#...##.....#
#.....>...##..##...........#
#...#...###.##......#...)....#
#.# #...###.##..####.......###
#


You could see a wyvern zombie.

Vanquished Creatures
  An orc wizard (D:3)
  4 adders
  A worm (D:3)
  2 dart slugs
  3 orcs (D:3)
  7 endoplasms
  6 giant cockroaches
  2 hobgoblins
  2 jackals (D:3)
  A quokka (D:2)
  A ball python (D:1)
  7 bats
  7 frilled lizards
  4 goblins
  5 kobolds
  4 rats
57 creatures vanquished.

Vanquished Creatures (others)
  2 fungi (D:3)
2 creatures vanquished.

Grand Total: 59 creatures vanquished

Notes
Turn   | Place    | Note
-------+----------+-------------------------------------------
     0 | D:1      | issech the Troll Monk began the quest for the Orb.
     0 | D:1      | Reached XP level 1. HP: 22/22 MP: 0/0
   217 | D:1      | Reached XP level 2. HP: 29/29 MP: 1/1
  1102 | D:2      | Reached XP level 3. HP: 36/36 MP: 2/2
  1391 | D:2      | Reached XP level 4. HP: 38/44 MP: 3/3
  2159 | D:3      | Found a faded altar of an unknown god.
  2164 | D:3      | Got Plato's Disquisition on Orientation
  2171 | D:3      | Slain by a wyvern zombie

Illustrated notes

Levels and vault maps discovered:
D:1:      onia_arrival_pentagram, layout_loops_ring
D:2:      layout_loops_corners
D:3:      layout_rooms, shapermc_ecumenical_altar_rom_forum, st_stairs_10,
          goddamned_bats

Skill      XL: |  1  2  3  4 |
---------------+-------------+-----
Maces & Flails | 3 |  3.9
Dodging        | 3 |  3.2
Fighting       | 3 |  3.0
Stealth        | |  1.2

Action                   |  1- 3 |  4- 6 || total
-------------------------+-------+-------++-------
Melee: Mace              |   123 |    93 ||   216
Armor: Robe              |    47 |    59 ||   106
Dodge: Dodged            |    86 |    66 ||   152

Table legend: (Time is in decaauts)
 A = Elapsed time spent in this place.
 B = Non-inter-level travel time spent in this place.
 C = Inter-level travel time spent in this place.
 D = Time resting spent in this place.
 E = Time spent auto-exploring this place.
 F = Levels seen in this place.
 G = Mean time per level.
                   A        B        C        D        E       F      G
               +--------+--------+--------+--------+--------+-----+--------+
         Total |   2219 |   2186 |     33 |      0 |    928 |   3 |  739.7 |
       Dungeon |   2219 |   2186 |     33 |      0 |    928 |   3 |  739.7 |
               +--------+--------+--------+--------+--------+-----+--------+

Top non-repeatable levels by time:
     D:2: 969 daAuts
     D:1: 881 daAuts
     D:3: 368 daAuts
